 Dungeon Crawl Stone Soup version 0.29.1-4-g47bece8355 (webtiles) character file.

Game seed: 17648310203155197570

50 ChadusMaximus the Caller (level 4, 0/30 HPs)
             Began as a Human Summoner on Dec 8, 2022.
             Slain by a goblin
             ... wielding a +0 dagger
             ... led by Robin
              (5 damage)
             ... on level 2 of the Dungeon.
             The game lasted 00:02:55 (2132 turns).

ChadusMaximus the Caller (Human Summoner)           Turns: 2132, Time: 00:02:55

Health: 0/30       AC:  3    Str:  9    XL:     4   Next: 4%
Magic:  0/7        EV: 13    Int: 17    God:
Gold:   51         SH:  0    Dex: 19    Spells: 2/8 levels left

rFire   + . .      SeeInvis .   n - +0 long sword
rCold   . . .      Faith    .   (no shield)
rNeg    . . .      Spirit   .   a - +0 robe
rPois   .          Reflect  .   (no helmet)
rElec   .          Harm     .   (no cloak)
rCorr   .          Rampage  .   k - +0 pair of gloves
Will    .....                   (no boots)
Stlth   ++........              (no amulet)
HPRegen 0.10/turn               h - +6 ring of dexterity
MPRegen 0.10/turn               l - ring of protection from fire

@: no status effects
A: no striking features
a: no special abilities


You were on level 2 of the Dungeon.
You visited 1 branch of the dungeon, and saw 3 of its levels.

You collected 51 gold pieces.

Inventory:

Hand Weapons
 c - a +0 club
 d - a +0 whip
 n - a +0 long sword (weapon)
Armour
 a - a +0 robe (worn)
 k - a +0 pair of gloves (worn)
Jewellery
 h - a +6 ring of dexterity (left hand)
 l - a ring of protection from fire (right hand)
Scrolls
 f - a scroll of magic mapping {unknown}
Potions
 b - a potion of magic
 e - a potion of heal wounds {unknown}
 g - a potion of mutation {unknown}
 i - a potion of resistance {unknown}
 j - a potion of brilliance {unknown}
 m - a potion of haste {unknown}


   Skills:
 - Level 2.2 Dodging
 - Level 2.2 Stealth
 + Level 2.5 Spellcasting
 * Level 4.8 Summonings


You had 2 spell levels left.
You knew the following spells:

 Your Spells              Type           Power      Damage    Failure   Level
a - Summon Small Mammal   Summ           72%        N/A       2%          1
b - Call Canine Familiar  Summ           18%        N/A       8%          3
c - Call Imp              Summ           18%        N/A       3%          2

Your spell library contained the following spells:

 Spells                   Type           Power      Damage    Failure   Level
 Static Discharge         Conj/Air       2%         3-4/arc   28%         2
 Summon Guardian Golem    Hex/Summ       10%        N/A       21%         3
 Summon Lightning Spire   Summ/Air       10%        N/A       56%         4
 Lightning Bolt           Conj/Air       1%         1d12      99%         5
 Maxwell's Capacitive Co  Air            1%         ∞         100%        8


Dungeon Overview and Level Annotations

Branches:
Dungeon (3/15)

Altars:

Annotations:
D:2 Robin
D:3 Ijyb


Message History

There is a stone staircase leading up here.
The goblin misses you.
You climb upwards.
Level annotation: Robin The goblin no longer looks unusually strong.
Robin throws the goblin at you!
The goblin unwields a +0 dagger.
The goblin wields a +0 sling.
The goblin shoots a sling bullet.
The sling bullet hits you.
Found 2 scrolls labelled LOCKOW RICUUXT and 15 gold pieces.
There is a stone staircase leading down here.
Casting: Call Imp (safe; 3% risk of failure)
Confirm with . or Enter, or press ? or * to list all spells.
The spell is quite dangerous to miscast (8% risk of failure)!
Continue anyway?
Robin roars a battlecry!
The goblins go into a battle-frenzy!
The goblin shoots a sling bullet.
The sling bullet barely misses you. The goblin closely misses you.
Robin attacks as you move away! Robin hits you with a +0 mace.
The goblin shoots a sling bullet.
The sling bullet misses you. The goblin barely misses you.
A quokka comes into view.
You hear a shout!
The goblin no longer looks unusually strong. x2
Robin roars a battlecry!
The goblins go into a battle-frenzy!
The goblin hits you with a +0 dagger.
* * * LOW HITPOINT WARNING * * *
Your hound barely misses the goblin.
Robin barely misses your hound.
Your hound bites the goblin.
The goblin dies!
Your hound barely misses Robin.
Something misses your hound.
Robin says, "My goblins will feast on your bones."
Robin throws the goblin at you!
* * * LOW HITPOINT WARNING * * *
The dart slug launches a dart at you. The slug dart hits you.
* * * LOW HITPOINT WARNING * * *
Your hound bites Robin but does no damage.
Robin hits your hound with a +0 mace. The goblin hits you with a +0 dagger.
You die...

.....## ...
#......... ..##..
.......... #.#...#
......?..# ##.......
.........# #...#....
..........###.......#
# #........w...g....#
# ##........r...@..#
. ........gh#..#### #
#.....g.g.#.## #
#......g.....
####....gg.......
...h......g........
###..............$.
###h##.##....?.....#
...g.r.............


You could see Robin (ally target), a dart slug, a hobgoblin (strong), 2 goblins,
a rat and a friendly hound (summoned).

Vanquished Creatures
  An adder (D:2)
  5 goblins
  3 hobgoblins
  A jackal (D:1)
  3 ball pythons (D:1)
  2 bats (D:1)
  A frilled lizard (D:1)
  3 kobolds
  A rat (D:1)
20 creatures vanquished.

Vanquished Creatures (collateral kills)
  A dart slug (D:2)
  A ball python (D:2)
  5 goblins
  A hobgoblin (D:2)
  3 jackals (D:1)
  A kobold (D:1)
  A bat (D:2)
  A rat (D:2)
14 creatures vanquished.

Grand Total: 34 creatures vanquished

Notes
Turn   | Place    | Note
-------+----------+-------------------------------------------
     0 | D:1      | ChadusMaximus the Human Summoner began the quest for the
                  | Orb.
     0 | D:1      | Reached XP level 1. HP: 13/13 MP: 3/3
   211 | D:1      | Reached XP level 2. HP: 15/19 MP: 3/5
  1191 | D:1      | Reached XP level 3. HP: 24/24 MP: 6/6
  1195 | D:1      | Learned a level 3 spell: Call Canine Familiar
  1198 | D:1      | Learned a level 2 spell: Call Imp
  2107 | D:2      | Noticed Robin
  2121 | D:2      | Reached XP level 4. HP: 16/30 MP: 2/7
  2121 | D:3      | Noticed Ijyb
  2132 | D:2      | Slain by a goblin

Illustrated notes

Levels and vault maps discovered:
D:1:      ebering_trefoil_3fold, layout_loops_corners, grunt_decor_mini_mirrors
D:2:      layout_rooms, serial_shops, nicolae_square_shop, corexii_shack,
          minmay_misc_feat_tiny, chequers_serial_rivers_small_a, uniq_robin
D:3:      layout_rooms, minivault_26, uniq_ijyb

Action                   |  1- 3 |  4- 6 || total
-------------------------+-------+-------++-------
Melee: Club              |     5 |       ||     5
       Whip              |    63 |       ||    63
       Long sword        |     3 |       ||     3
 Cast: Summon Small Mamm |    15 |       ||    15
       Call Canine Famil |     3 |     1 ||     4
       Call Imp          |     3 |       ||     3
 Stab: Sleeping          |     6 |       ||     6
Armor: Robe              |    11 |       ||    11
Dodge: Dodged            |    63 |     7 ||    70
